 Dungeon Crawl Stone Soup version 0.31.0-11-ge490571c62 (webtiles) character file.

Game seed: 6163697274334365057

3312 bearlyready the Covert (level 10, -13/54 (58) HPs)
             Began as an Octopode Shapeshifter on Feb 4, 2024.
             Was a Priest of Makhleb.
             Mangled by a yak (15 damage)
             ... on level 9 of the Dungeon.
             The game lasted 00:15:37 (7469 turns).

bearlyready the Covert (Octopode Shapeshifter)      Turns: 7469, Time: 00:15:38

HP:   -13/54 (58)   AC:  1    Str: 22    XL:     10   Next: 1%
MP:   12/12         EV: 17    Int: 15    God:    Makhleb [***...]
Gold: 318           SH:  0    Dex:  9    Spells: 9/9 levels left

rFire   . .          .
                       - Unarmed
rCold   . . .        (shield currently unavailable)
rNeg    . . .        (helmet restricted)
rPois   .            h - amulet of magic regeneration
rElec   .            A - ring of wizardry
rCorr   .            (no ring)
SInv    .            (no ring)
Will    .....        (no ring)
Stlth   ++           (no ring)
HPRegen 0.29/turn    (no ring)
MPRegen 0.53/turn    (no ring)
                     (no ring)

%: clarity, wizardry (x1)
@: flux-form, weakened, glowing, drained
A: glow, contaminating, almost no armour, amphibious, 8 rings, camouflage 1,
gelatinous body 1, (nimble swimmer 1), tentacles, clarity, clever 1, strong 1
a: Begin Untransformation, Renounce Religion, Minor Destruction, Lesser Servant
of Makhleb


You were on level 9 of the Dungeon.
You worshipped Makhleb.
Makhleb was most pleased with you.
You were something dangerously unstable.
You visited 1 branch of the dungeon, and saw 9 of its levels.
You also visited: Ossuary.

You collected 390 gold pieces.
You spent 72 gold pieces at shops.

Inventory:

Hand Weapons
 a - a +1 dagger of venom
Missiles
 i - a poisoned dart (quivered)
 B - 3 silver javelins
Armour
 n - a +0 cloak
Jewellery
 h - an amulet of magic regeneration (around mantle)
 A - a ring of wizardry (left tentacle)
Talismans
 b - a beast talisman
 c - a flux talisman (active)
 e - a talisman of death
Wands
 s - a wand of iceblast (1)
Scrolls
 f - 3 scrolls of enchant weapon
 g - 2 scrolls of noise
 p - a scroll of poison
 q - 2 scrolls of amnesia
 r - 2 scrolls of revelation
 u - a scroll of immolation {unknown}
 y - a scroll of vulnerability {unknown}
Potions
 d - 3 potions of brilliance
 l - 5 potions of curing
 m - 2 potions of degeneration
 o - a potion of heal wounds {unknown}
 t - a potion of cancellation
 v - a potion of mutation
 w - a potion of invisibility {unknown}
 x - a potion of enlightenment {unknown}
 z - 2 potions of attraction
 C - a potion of haste {unknown}


   Skills:
 - Level 1.0 Fighting
 - Level 2.0 Dodging
 - Level 9.0 Stealth
 + Level 8.3 Unarmed Combat
 - Level 3.1 Invocations
 - Level 2.3 Evocations
 + Level 8.5 Shapeshifting


You had 9 spell levels left.
You didn't know any spells.
Your spell library contained the following spells:

 Spells                   Type           Power      Damage    Failure   Level
 Gell's Gravitas          Tloc           0%         N/A       32%         3
 Teleport Other           Tloc           0%         N/A       32%         3
 Passage of Golubria      Tloc           0%         N/A       69%         4
 Silence                  Hex/Air        0%         N/A       95%         5
 Dispersal                Tloc           0%         N/A       100%        6
 Lehudib's Crystal Spear  Conj/Erth      0%         10d2      100%        8


Dungeon Overview and Level Annotations

Branches:
Dungeon (9/15)             Temple (0/1) D:5         Ossuary (visited)
   Lair: D:8-11         Orc: D:9-12

Altars:
Makhleb
Ru

Shops:
D:1 *   D:6 **

Annotations:
D:6 Maggie
D:7 2 transporters
D:8 Jeremiah


Innate Abilities, Weirdness & Mutations

You are something dangerously unstable.
You glow with magical radiation, making you easy to see and hit.
Foes you strike become dangerously contaminated with magical radiation.
You are incapable of wielding weapons or throwing items.
You cannot wear most types of armour.
You are amphibious.
You can wear up to eight rings at the same time.
Your skin changes colour to match your surroundings (Stealth+).
Your rubbery body absorbs attacks. (AC +1, EV +1)
((You are camouflaged when in or above water. (Stealth+)))
You have tentacles for arms and can constrict up to eight enemies at once.
You possess an exceptional clarity of mind.
Your mind is acute. (Int +4, Str/Dex -1)
Your muscles are strong. (Str +4, Int/Dex -1)


Message History

There is a stone staircase leading up here.
No target in view!
A yak is nearby!
Found a stone staircase leading up.
The yak bellows!
You hear a shout!
The yak bellows!
A gnoll comes into view. It is wielding a +0 flail.
The yak bellows!
A gnoll bouda comes into view. It is wielding a +0 club.
The yak bellows!
The yak barely misses you.
The yak bellows!
You tentacle-slap the yak.
The yak begins to glow.
You squeeze the yak.
The yak is lightly wounded.
The yak barely misses you.
You tentacle-slap the yak but do no damage.
The yak glows dangerously bright.
The yak is lightly wounded.
The yak closely misses you.
The gnoll bouda barks out a call to the hunt!
The gnoll picks up the pace!
You hear a shout!
Press: ? - help, v - describe, . - travel
Here: a yak (lightly wounded, heavily contaminated)
The floor, spattered with blood.
You barely miss the yak. You squeeze the yak!
The yak is moderately wounded.
The yak gores you! The yak attacks as it pursues you! The yak gores you!
The gnoll bouda gazes fiercely through you!
You feel your attacks grow feeble.
As you read the scroll labelled RUFELAQAWN, it dissolves into smoke.
It was a scroll of fog.
The yak gores you!
* * * LOW HITPOINT WARNING * * *
You feel better. The yak gores you!
* * * LOW HITPOINT WARNING * * *
The yak completely misses you.
It was a potion of mutation.
You feel extremely strange.
Your thoughts seem clearer.
You feel clever.
You feel stronger. The yak gores you!
You die...

..........####.
#....[......#
##..........#
##...........
##....#...##.
##.g.##....
####YY.........
###§##YY.......
#..§§pY§.......
##.§§§g#....#..
#.§§§.##......
###......#......
##............<..
#####..........######
##.#<...........#
#.................
#.........##........


You could see 5 yaks and a gnoll (swift).

Vanquished Creatures
  Grinder (D:5)
  2 wyverns
  5 yaks (D:8)
  Menkaure (D:5)
  Edmund (D:6)
  2 water moccasins
  An ice beast (D:8)
  4 black bears
  4 scorpions
  2 bullfrogs
  A wight (Ossuary)
  A water moccasin zombie (Ossuary)
  A howler monkey (D:8)
  2 bullfrog zombies (Ossuary)
  4 centaur zombies (Ossuary)
  2 hounds
  4 orc priests
  An iguana (D:7)
  Ijyb (D:3)
  4 orc wizards
  8 adders
  A ribbon worm zombie (D:4)
  2 ufetubi (D:7)
  4 adder zombies (Ossuary)
  2 dart slugs (D:1)
  2 ribbon worms (D:2)
  15 orcs
  5 ball pythons
  6 endoplasms
  3 giant cockroaches
  12 goblins
  9 hobgoblins
  3 jackals (D:3)
  6 kobolds
  A quokka (D:2)
  5 bats
  4 frilled lizards
  3 gnoll zombies (Ossuary)
  2 goblin zombies (Ossuary)
  A hobgoblin zombie (Ossuary)
  4 orc zombies (Ossuary)
  7 rats
  A rat zombie (D:4)
150 creatures vanquished.

Notes
Turn   | Place    | Note
-------+----------+-------------------------------------------
     0 | D:1      | bearlyready the Octopode Shapeshifter began the quest for
                  | the Orb.
     0 | D:1      | Reached XP level 1. HP: 13/13 MP: 1/1
   276 | D:1      | Reached XP level 2. HP: 14/18 MP: 2/2
   380 | D:1      | Found Reethruc's General Store.
   469 | D:1      | Reached skill level 1 in Stealth
   764 | D:1      | You fall into a shaft and drop 1 floor!
   764 | D:2      | Found a faded altar of an unknown god.
   768 | D:2      | Prayed at the altar of an unknown god.
   768 | D:2      | Became a worshipper of Makhleb the Destroyer
   768 | D:2      | Reached * piety under Makhleb
   778 | D:2      | Reached XP level 3. HP: 23/23 MP: 3/3
   782 | D:2      | Reached skill level 2 in Stealth
  1275 | D:2      | Reached XP level 4. HP: 17/28 MP: 4/4
  1355 | D:2      | Reached skill level 3 in Stealth
  1672 | D:3      | Reached ** piety under Makhleb
  1821 | D:3      | Noticed Ijyb
  1829 | D:3      | Killed Ijyb
  1880 | D:3      | Reached skill level 4 in Stealth
  1880 | D:3      | Reached XP level 5. HP: 24/33 MP: 5/5
  2243 | D:4      | Noticed a black bear
  2258 | D:4      | Killed a black bear
  2259 | D:4      | Reached skill level 5 in Stealth
  2259 | D:4      | Reached XP level 6. HP: 23/38 MP: 6/6
  2347 | D:4      | Found a sand-covered staircase.
  2359 | Ossuary  | Entered an ossuary
  2420 | Ossuary  | Reached skill level 5 in Shapeshifting
  2492 | Ossuary  | Reached skill level 6 in Stealth
  2496 | Ossuary  | Reached XP level 7. HP: 36/43 MP: 7/7
  2531 | Ossuary  | Reached *** piety under Makhleb
  2672 | Ossuary  | Reached skill level 7 in Stealth
  2726 | Ossuary  | Noticed a silent spectre
  2782 | D:4      | Reached skill level 1 in Evocations
  3353 | D:4      | Reached XP level 8. HP: 48/48 MP: 8/8
  3356 | D:5      | Entered Level 5 of the Dungeon
  3404 | D:5      | Reached skill level 5 in Unarmed Combat
  3510 | D:5      | Noticed Menkaure
  3513 | D:5      | Killed Menkaure
  3528 | D:5      | Noticed Grinder
  3604 | D:5      | Killed Grinder
  3605 | D:5      | Reached skill level 8 in Stealth
  3822 | D:5      | Found a staircase to the Ecumenical Temple.
  4171 | D:6      | Reached skill level 1 in Invocations
  4276 | D:6      | Found Alaonam's Neck Hole.
  4286 | D:6      | Noticed Edmund
  4293 | D:6      | Killed Edmund
  4385 | D:6      | Found Jeumok's General Store.
  4393 | D:6      | Bought a potion of curing for 36 gold pieces
  4393 | D:6      | Bought a potion of curing for 36 gold pieces
  4618 | D:6      | Noticed Maggie
  4897 | D:7      | Noticed a wyvern
  4908 | D:7      | Killed a wyvern
  4909 | D:7      | Reached skill level 9 in Stealth
  4909 | D:7      | Reached XP level 9. HP: 36/53 MP: 10/10
  5017 | D:7      | Found a sacrificial altar of Ru.
  5116 | D:7      | Found a transporter.
  5207 | D:7      | Identified the +6 war axe of Truncation {spect, *Rage rPois
                  | Will++ Stlth+}
  5684 | D:7      | Found a transporter.
  6746 | D:8      | Noticed Jeremiah
  7178 | D:8      | Reached XP level 10. HP: 58/58 MP: 12/12
  7468 | D:9      | HP: 2/54 [yak (14)]
  7469 | D:9      | Gained mutation: You possess an exceptional clarity of
                  | mind. [potion of mutation]
  7469 | D:9      | Gained mutation: Your mind is acute. (Int +4, Str/Dex -1)
                  | [potion of mutation]
  7469 | D:9      | Gained mutation: Your muscles are strong. (Str +4, Int/Dex
                  | -1) [potion of mutation]
  7469 | D:9      | Mangled by a yak

Illustrated notes

Levels and vault maps discovered:
D:1:      heliophobic_arrival_enchanted_forest, layout_basic, serial_shops,
          nicolae_shop_crystal
D:2:      layout_loops_ring, ebering_ecumenical_altar_abandoned
D:3:      layout_basic, amcnicky_mini_pool_small, uniq_ijyb
D:4:      layout_rooms, enter_ossuary_3, minmay_goblin_outpost
D:5:      layout_rooms, minmay_temple_entry_trees, uniq_grinder, uniq_menkaure
D:6:      nicolae_cairo_tiling_very_big, layout_basic, serial_shops, shop,
          nicolae_shop_sticking_my_neck_out, uniq_edmund, uniq_maggie
D:7:      gammafunk_steamed_eel, layout_cave_pods,
          nicolae_ru_great_annihilating_truth
D:8:      layout_basic, kennysheep_small_spiral, uniq_jeremiah, uniq_joseph
D:9:      layout_cave_pools, monkooky_shop_mail_order

Skill      XL: |  1  2  3  4  5  6  7  8  9 |
---------------+----------------------------+-----
Stealth        | 1 2 4 5 6 7 9 |  9.0
Shapeshifting  | 4 5 6 8 |  8.5
Unarmed Combat | 4 6 8 |  8.3
Evocations     | 1 2 |  2.3
Invocations    | 2 3 |  3.1
Fighting       | |  1.0
Dodging        | |  2.0

Action                     |  1- 3 |  4- 6 |  7- 9 | 10-12 || total
---------------------------+-------+-------+-------+-------++-------
  Melee: Unarmed           |    15 |    32 |   100 |     5 ||   152
         Constrict         |    17 |    23 |    40 |       ||    80
         Tentacles         |    11 |    23 |    51 |     2 ||    87
         Dagger            |    49 |    57 |    90 |       ||   196
         Punch             |     2 |     7 |    10 |       ||    19
  Throw: Dart              |       |     4 |    15 |       ||    19
         Javelin           |       |       |     1 |       ||     1
Ability: Begin Untransform |       |       |       |     1 ||     1
  Evoke: Wand              |       |       |     6 |       ||     6
    Use: Scroll            |       |     3 |    10 |     1 ||    14
         Potion            |       |       |     7 |     2 ||     9
   Stab: Sleeping          |     8 |     9 |    18 |       ||    35
 Armour: Skin              |    24 |    38 |   122 |     7 ||   191
  Dodge: Dodged            |    28 |    44 |   109 |     4 ||   185
   Form: Flux              |       |       |       |     1 ||     1
